 Dungeon Crawl Stone Soup version 0.29-a0-322-g68df515428 (webtiles) character file.

Game seed: 9895320702199291639

631 HotDog the Chopper (level 7, -8/60 HPs)
             Began as a Hill Orc Fighter on Apr 7, 2022.
             Mangled by Duvessa
             ... wielding a +0 short sword
              (14 damage)
             ... on level 4 of the Dungeon.
             The game lasted 00:03:53 (4816 turns).

HotDog the Chopper (Hill Orc Fighter)               Turns: 4816, Time: 00:03:53

Health: -8/60      AC:  9    Str: 21    XL:     7   Next: 48%
Magic:  9/9        EV:  9    Int:  8    God:
Gold:   323        SH:  4    Dex: 10    Spells: 6/6 levels left

rFire   . . .      SeeInvis .   a - +0 war axe (flame)
rCold   + . .      Faith    .   c - +0 buckler
rNeg    . . .      Spirit   .   b - +0 scale mail
rPois   .          Reflect  .   (no helmet)
rElec   .          Harm     .   (no cloak)
rCorr   .          Rampage  .   w - +1 pair of gloves
Will    .....                   (no boots)
Stlth   ..........              g - amulet of magic regeneration
HPRegen 0.20/turn               i - ring of protection from cold
MPRegen 0.51/turn               (no ring)

@: no status effects
A: no striking features
a: no special abilities


You were on level 4 of the Dungeon.
You visited 1 branch of the dungeon, and saw 4 of its levels.

You collected 323 gold pieces.

Inventory:

Hand Weapons
 a - a +0 war axe of flaming (weapon)
Armour
 b - a +0 scale mail (worn)
 c - a +0 buckler (worn)
 q - a +0 plate armour
 w - a +1 pair of gloves (worn)
Jewellery
 g - an amulet of magic regeneration (around neck)
 i - a ring of protection from cold (left hand)
 k - a ring of wizardry
Scrolls
 d - a scroll of fog {unknown}
 e - a scroll of noise
 j - a scroll of teleportation
Potions
 f - a potion of cancellation
 h - a potion of curing
 l - 2 potions of mutation
 n - a potion of attraction
 o - 2 potions of heal wounds
 r - a potion of brilliance {unknown}
 u - a potion of degeneration {unknown}


   Skills:
 * Level 4.9 Fighting
 * Level 5.8(6.0) Axes
 + Level 1.7(3.5) Maces & Flails
 * Level 5.1 Armour
 * Level 1.6 Dodging
 * Level 4.4 Shields
 * Level 3.4 Invocations


You had 6 spell levels left.
You didn't know any spells.
Your spell library contained the following spells:

 Spells                   Type           Power      Damage    Failure   Level
 Leda's Liquefaction      Hex/Erth       0%         N/A       100%        4
 Lee's Rapid Deconstruct  Erth           0%         3d5*      100%        5
 Statue Form              Tmut/Erth      0%         N/A       100%        6


Dungeon Overview and Level Annotations

Branches:
Dungeon (4/15)
 Temple: D:4-7

Altars:
Elyvilon
Wu Jian

Annotations:
D:4 Duvessa


Message History

The puff of flame hits you.
There are monsters nearby!
You slash Dowan! You burn Dowan.
Dowan is severely wounded.
You hit Duvessa but do no damage. Duvessa hits you with a +0 short sword.
You block Dowan's attack.
There are monsters nearby!
You slash Dowan! You burn Dowan.
You kill Dowan!
Duvessa screams in rage.
Duvessa goes berserk!
You slash Duvessa! You burn Duvessa. You hit the worm. You burn the worm.
You block Duvessa's attack. Duvessa hits you with a +0 short sword!
There are monsters nearby!
You slash the worm! You burn the worm.
You kill the worm!
You barely miss Duvessa. Duvessa completely misses you.
You block Duvessa's attack.
You barely miss Duvessa.
Duvessa is lightly wounded.
Duvessa hits you but does no damage. Duvessa hits you with a +0 short sword.
You hit Duvessa. You burn Duvessa.
Duvessa is moderately wounded.
Duvessa misses you. Duvessa hits you with a +0 short sword!
Unknown command.
You are too injured to fight recklessly!
You barely miss Duvessa.
Duvessa is moderately wounded.
Duvessa hits you but does no damage. You block Duvessa's attack.
You hit Duvessa but do no damage.
Duvessa is moderately wounded.
Duvessa hits you with a +0 short sword.
You closely miss Duvessa.
Duvessa is moderately wounded.
You block Duvessa's attack. Duvessa hits you with a +0 short sword!
* * * LOW HITPOINT WARNING * * *
You closely miss Duvessa.
Duvessa is moderately wounded.
Duvessa hits you with a +0 short sword!
You die...

###.####.######...####
#.....##.# #.....# #
#.#.#.##.######...####
#.#...##......<..## #.
#.###.##########.# ##
#.....# #.# # #####.#
##'## #.# ##...## #@#
##.....## #...)e..#
##.......## #.......#
#.........# #.........
+.........+
#.......####....†....#
#.......# ##.......##
#.......# ##.....##
#.......# ##...##
##'##


You could see Duvessa (berserk).

Vanquished Creatures
  Grinder (D:4)
  2 centaurs
  Dowan (D:4)
  A hound (D:4)
  8 gnolls
  7 adders
  3 worms
  A dart slug (D:3)
  11 bats
  6 endoplasms
  2 giant cockroaches (D:1)
  2 goblins
  3 hobgoblins
  10 kobolds
  3 quokkas
  4 ball pythons
  3 frilled lizards
  6 rats
74 creatures vanquished.

Notes
Turn   | Place    | Note
-------+----------+-------------------------------------------
     0 | D:1      | HotDog the Hill Orc Fighter began the quest for the Orb.
     0 | D:1      | Reached XP level 1. HP: 19/19 MP: 1/1
   261 | D:1      | Reached XP level 2. HP: 27/27 MP: 2/2
   651 | D:1      | Found a faded altar of an unknown god.
   697 | D:1      | Reached skill level 1 in Invocations
   712 | D:2      | Reached XP level 3. HP: 33/33 MP: 3/3
   741 | D:2      | You fall into a shaft and drop 1 floor!
   789 | D:3      | Noticed a centaur
   802 | D:3      | Killed a centaur
   803 | D:3      | Reached XP level 4. HP: 14/40 MP: 3/5
   803 | D:3      | Reached XP level 5. HP: 16/46 MP: 3/6
  1662 | D:3      | Found a white marble altar of Elyvilon.
  1667 | D:3      | Found an ornate altar of the Wu Jian Council.
  3138 | D:3      | Reached skill level 5 in Axes
  3255 | D:3      | Reached skill level 1 in Dodging
  3455 | D:4      | Noticed Grinder
  3466 | D:4      | Reached XP level 6. HP: 22/53 MP: 7/7
  3467 | D:4      | Killed Grinder
  3468 | D:4      | Reached skill level 1 in Maces & Flails
  4118 | D:4      | Reached XP level 7. HP: 56/60 MP: 9/9
  4717 | D:4      | Reached skill level 5 in Armour
  4802 | D:4      | Noticed Duvessa
  4802 | D:4      | Noticed Dowan
  4809 | D:4      | Killed Dowan
  4816 | D:4      | Mangled by Duvessa

Illustrated notes

Levels and vault maps discovered:
D:1:      minmay_arrival_five_plusses, layout_loops_ring,
          shapermc_ecumenical_altar_mp_vishouse
D:2:      layout_loops_ring, minmay_fractal_squares_5
D:3:      layout_loops_ring, jmf_multi_god_temple
D:4:      layout_loops_corners, uniq_duvessa, uniq_grinder

Skill      XL: |  1  2  3  4  5  6  7 |
---------------+----------------------+-----
Axes           | 3 4 5 |  5.8
Invocations    | 1 2 3 |  3.4
Fighting       | 4 |  4.9
Armour         | 4 5 |  5.1
Dodging        | 1 |  1.6
Maces & Flails | 1 |  1.7
Shields        | 4 |  4.4

Action                   |  1- 3 |  4- 6 |  7- 9 || total
-------------------------+-------+-------+-------++-------
Melee: War axe           |    63 |    69 |    37 ||   169
       Mace              |       |    62 |       ||    62
  Use: Potion            |     3 |     2 |     1 ||     6
       Scroll            |       |     8 |       ||     8
Armor: Scale mail        |    41 |    90 |    22 ||   153
       Skin              |     9 |       |       ||     9
Dodge: Dodged            |    27 |    86 |    25 ||   138
Block: Buckler           |    11 |    43 |    14 ||    68

Table legend: (Time is in decaauts)
 A = Elapsed time spent in this place.
 B = Non-inter-level travel time spent in this place.
 C = Inter-level travel time spent in this place.
 D = Time resting spent in this place.
 E = Time spent auto-exploring this place.
 F = Levels seen in this place.
 G = Mean time per level.
                   A        B        C        D        E       F      G
               +--------+--------+--------+--------+--------+-----+--------+
         Total |   4890 |   4851 |     39 |   1893 |   2297 |   4 | 1222.5 |
       Dungeon |   4890 |   4851 |     39 |   1893 |   2297 |   4 | 1222.5 |
               +--------+--------+--------+--------+--------+-----+--------+

Top non-repeatable levels by time:
     D:3: 1805 daAuts
     D:4: 1380 daAuts
     D:2: 986 daAuts
     D:1: 718 daAuts
